 Dungeon Crawl Stone Soup version 0.29.1-1-gd02db6906a (webtiles) character file.

Game seed: 4078320947876326884

73 Ashen the Firebug (level 4, -5/31 HPs)
             Began as a Demonspawn Fire Elementalist on Oct 12, 2022.
             Killed by divine providence
             ... invoked by an orc priest
              (16 damage)
             ... on level 2 of the Dungeon.
             The game lasted 00:04:34 (1976 turns).

Ashen the Firebug (Demonspawn Fire Elementalist)    Turns: 1976, Time: 00:04:35

Health: -5/31      AC:  7    Str:  8    XL:     4   Next: 8%
Magic:  1/7        EV: 12    Int: 26    God:
Gold:   47         SH:  0    Dex: 14    Spells: 7/8 levels left

rFire   . . .      SeeInvis .   (no weapon)
rCold   . . .      Faith    .   (no shield)
rNeg    . . .      Spirit   .   a - +0 robe
rPois   .          Reflect  .   (helmet restricted)
rElec   .          Harm     .   y - +0 cloak
rCorr   .          Rampage  .   f - +2 pair of gloves
Will    .....                   s - +0 pair of boots
Stlth   ++........              (no amulet)
HPRegen 0.10/turn               k - +6 ring of intelligence
MPRegen 0.10/turn               (no ring)

@: very slightly contaminated
A: antennae 1, big brain 1, demonic magic 1
a: no special abilities


You were on level 2 of the Dungeon.
You visited 1 branch of the dungeon, and saw 3 of its levels.

You collected 135 gold pieces.
You spent 88 gold pieces at shops.

Inventory:

Armour
 a - a +0 robe (worn)
 f - a +2 pair of gloves (worn)
 s - a +0 pair of boots (worn)
 y - a +0 cloak (worn)
Jewellery
 k - a +6 ring of intelligence (left hand)
 w - a +4 ring of protection
Wands
 q - a wand of charming (3)
Scrolls
 c - a scroll of blinking {unknown}
 e - 2 scrolls of enchant armour {unknown}
 h - a scroll of magic mapping {unknown}
 l - 2 scrolls of fear {unknown}
 n - 2 scrolls of identify {unknown}
 o - a scroll of enchant weapon {unknown}
 p - 3 scrolls of teleportation {unknown}
 t - a scroll of butterflies {unknown}
 A - a scroll of poison {unknown}
Potions
 b - a potion of magic
 d - a potion of brilliance {unknown}
 g - a potion of degeneration {unknown}
 i - a potion of resistance {unknown}
 j - 3 potions of attraction {unknown}
 m - 2 potions of curing {unknown}
 r - 2 potions of cancellation {unknown}
 u - a potion of invisibility {unknown}
 v - a potion of might {unknown}
 x - a potion of heal wounds
 z - a potion of flight


   Skills:
 + Level 0.9 Fighting
 + Level 2.0 Dodging
 + Level 2.2 Stealth
 * Level 2.5 Spellcasting
 * Level 2.1 Conjurations
 * Level 3.1 Fire Magic


You had 7 spell levels left.
You knew the following spells:

 Your Spells              Type           Power      Damage    Failure   Level
a - Foxfire               Conj/Fire      68%        2x1d7     3%          1

Your spell library contained the following spells:

 Spells                   Type           Power      Damage    Failure   Level
 Scorch                   Fire           38%        2d6       4%          2
 Slow                     Hex            12%        N/A       10%         1
 Summon Small Mammal      Summ           12%        N/A       10%         1
 Conjure Flame            Conj/Fire      17%        6-21      10%         3
 Inner Flame              Hex/Fire       11%        N/A       16%         3
 Call Canine Familiar     Summ           3%         N/A       30%         3
 Confusing Touch          Hex            3%         N/A       30%         3
 Frozen Ramparts          Ice            6%         1d1       30%         3
 Portal Projectile        Hex/Tloc       6%         N/A       30%         3
 Summon Guardian Golem    Hex/Summ       3%         N/A       30%         3
 Tukima's Dance           Hex            3%         N/A       30%         3
 Vampiric Draining        Necr           3%         2d6       30%         3
 Flame Wave               Conj/Fire      17%        2d7       32%         4
 Ice Form                 Ice/Tmut       3%         N/A       69%         4
 Summon Ice Beast         Ice/Summ       3%         N/A       69%         4
 Blade Hands              Tmut           1%         N/A       95%         5


Dungeon Overview and Level Annotations

Branches:
Dungeon (3/15)

Altars:

Shops:
D:2 !


Innate Abilities, Weirdness & Mutations

You have a pair of small antennae on your head.
You have an unusually large brain. (Int +2)
Spells you cast may paralyse adjacent enemies.


Message History

The foxfire hits the orc priest but does no damage.
The orc priest is heavily wounded.
The foxfire hits the orc priest.
The orc priest is heavily wounded.
Casting: Foxfire (safe; 3% risk of failure)
Confirm with . or Enter, or press ? or * to list all spells.
You conjure some foxfire!
Malevolent energies surge around you.
The orc priest is no longer paralysed.
The foxfire hits the orc priest.
The orc priest is severely wounded.
The foxfire hits the orc priest.
The orc priest is severely wounded.
The orc priest looks braver for a moment.
Casting: Foxfire (safe; 3% risk of failure)
Confirm with . or Enter, or press ? or * to list all spells.
You conjure some foxfire!
Malevolent energies surge around you.
Casting: Foxfire (safe; 3% risk of failure)
Confirm with . or Enter, or press ? or * to list all spells.
You miscast Foxfire.
You are very lightly contaminated with residual magic.
Nothing appears to happen.
The foxfire hits the orc priest but does no damage.
The orc priest is severely wounded.
The foxfire hits the orc priest.
The orc priest is almost dead.
The orc priest closely misses you.
Casting: Foxfire (safe; 3% risk of failure)
Confirm with . or Enter, or press ? or * to list all spells.
You don't have enough magic to cast this spell.
You barely miss the orc priest.
The orc priest is almost dead.
The orc priest calls down the wrath of Beogh upon you.
Pain shoots through your body!
Aiming: Charm
Press: ? - help, Shift-Dir - straight line, f - orc priest
Aim: an orc priest, wielding a +0 whip and wearing a +0 leather armour (almost dead, chance to affect: 49%)
The orc priest resists with some effort.
The orc priest calls down the wrath of Beogh upon you.
Beogh smites you!
Ouch! That really hurt!
You die...

#.....#.#...#..#...
#.....#............
##.#.......#.......
#.#....#.....[....
#....#............
###..###......#....
#.......#.#........
#>o...........##...
##.@......####.##..#
####......#.## #.##...
#.........#.# #.##..[
#.##........#####.##...
###.##...................
#...##.....######........
##.####.....# #........
#....###.#### #.....#..
#........# ######.....###


You could see an orc priest.

Vanquished Creatures
  An orc wizard (D:3)
  An adder (D:1)
  A worm (D:2)
  2 orcs (D:3)
  3 ball pythons
  3 bats
  4 endoplasms
  2 giant cockroaches
  2 goblins (D:2)
  4 hobgoblins
  2 jackals
  3 quokkas
  A frilled lizard (D:3)
  3 kobolds
  A rat (D:1)
33 creatures vanquished.

Vanquished Creatures (others)
  93 foxfires
93 creatures vanquished.

Grand Total: 126 creatures vanquished

Notes
Turn   | Place    | Note
-------+----------+-------------------------------------------
     0 | D:1      | Ashen the Demonspawn Fire Elementalist began the quest for
                  | the Orb.
     0 | D:1      | Reached XP level 1. HP: 13/13 MP: 3/3
   217 | D:1      | Found a faded altar of an unknown god.
   535 | D:1      | Gained mutation: You have a pair of small antennae on your
                  | head. [demonic ancestry]
   535 | D:1      | Reached XP level 2. HP: 16/19 MP: 5/5
  1118 | D:2      | Reached skill level 3 in Fire Magic
  1253 | D:2      | Gained mutation: Spells you cast may paralyse adjacent
                  | enemies. [demonic ancestry]
  1253 | D:2      | Reached XP level 3. HP: 25/25 MP: 4/6
  1374 | D:2      | Found Watamp's Distillery.
  1383 | D:2      | Bought a potion of heal wounds for 55 gold pieces
  1481 | D:2      | Bought a potion of flight for 33 gold pieces
  1916 | D:3      | Gained mutation: You have an unusually large brain. (Int
                  | +2) [demonic ancestry]
  1916 | D:3      | Reached XP level 4. HP: 21/31 MP: 0/7
  1976 | D:2      | Killed from afar by an orc priest

Illustrated notes

Levels and vault maps discovered:
D:1:      heliophobic_arrival_henge, layout_basic,
          hellmonk_ecumenical_altar_lost_god, reono_crystal_passage
D:2:      layout_rooms, serial_glass, glass_columns_a, glass_columns_a,
          serial_shops, shop
D:3:      layout_loops_ring

Skill      XL: |  1  2  3 |
---------------+----------+-----
Dodging        | 2 |  2.0
Stealth        | 2 |  2.2
Fire Magic     | 3 |  3.1
Conjurations   | 2 |  2.1
Fighting       | |  0.9
Spellcasting   | |  2.5

Action                   |  1- 3 |  4- 6 || total
-------------------------+-------+-------++-------
Melee: Unarmed           |    14 |     2 ||    16
 Cast: Foxfire           |    50 |     5 ||    55
Evoke: Wand              |       |     4 ||     4
 Stab: Paralysed         |       |     1 ||     1
Armor: Robe              |     8 |       ||     8
Dodge: Dodged            |    16 |     1 ||    17
